 Dungeon Crawl Stone Soup version 0.29.1-1-gd02db6906a (webtiles) character file.

Game seed: 18343284936599745755

196 dave1331 the Covered (level 5, -5/47 HPs)
             Began as a Hill Orc Fighter on Oct 4, 2022.
             Succumbed to Terence's poison
             ... on level 3 of the Dungeon.
             The game lasted 00:06:36 (2814 turns).

dave1331 the Covered (Hill Orc Fighter)             Turns: 2814, Time: 00:06:36

Health: -5/47      AC:  8    Str: 21    XL:     5   Next: 74%
Magic:  5/5        EV: 10    Int:  8    God:
Gold:   170        SH:  4    Dex: 10    Spells: 4/4 levels left

rFire   . . .      SeeInvis .   a - +0 war axe
rCold   . . .      Faith    .   c - +0 buckler
rNeg    . . .      Spirit   .   h - +2 ring mail {Will+}
rPois   .          Reflect  .   (no helmet)
rElec   .          Harm     .   (no cloak)
rCorr   .          Rampage  .   (no gloves)
Will    +....                   (no boots)
Stlth   ..........              (no amulet)
HPRegen 0.15/turn               (no ring)
MPRegen 0.09/turn               (no ring)

@: lethally poisoned (-5 -> -36)
A: no striking features
a: no special abilities


You were on level 3 of the Dungeon.
You visited 1 branch of the dungeon, and saw 3 of its levels.

You collected 170 gold pieces.

Inventory:

Hand Weapons
 a - a +0 war axe (weapon)
Missiles
 d - a throwing net (quivered)
Armour
 b - a +0 scale mail
 c - a +0 buckler (worn)
 h - a +2 ring mail of willpower (worn)
Jewellery
 f - a ring of ice
Scrolls
 g - 2 scrolls of teleportation
 i - a scroll of identify


   Skills:
 + Level 4.4 Fighting
 + Level 4.6 Axes
 + Level 4.8 Armour
 + Level 1.0 Dodging
 + Level 3.9 Shields


You had 4 spell levels left.
You didn't know any spells.
Your spell library contained the following spells:

 Spells                   Type           Power      Damage    Failure   Level
 Summon Forest            Summ/Tloc      0%         N/A       100%        5
 Eringya's Noxious Bog    Tmut/Pois      0%         N/A       100%        6
 Summon Hydra             Summ           0%         N/A       100%        7


Dungeon Overview and Level Annotations

Branches:
Dungeon (3/15)

Altars:


Message History

The endoplasm hits you but does no damage.
You completely miss the endoplasm. The endoplasm completely misses you.
You hit the endoplasm.
The endoplasm is moderately wounded.
The endoplasm closely misses you.
You slash the endoplasm!
You kill the endoplasm!
The goblin barely misses you.
You barely miss the goblin. You block the goblin's attack.
You slash the goblin!
You kill the goblin!
Terence screams, "I want your blood!"
You hit Terence.
Terence is lightly wounded.
Terence screams, "I'm going to kill you!"
Terence hits you with a +2 mace of venom.
Terence hits you but does no damage.
You are poisoned.
You slash Terence!
Terence is heavily wounded.
You feel very sick.
Terence hits you with a +2 mace of venom.
You are more poisoned.
You hit Terence but do no damage.
Terence is heavily wounded.
You feel very sick. Terence barely misses you.
You slash Terence!
Terence is almost dead.
* * * LOW HITPOINT WARNING * * *
You feel very sick.
Terence hits you with a +2 mace of venom.
* * * LOW HITPOINT WARNING * * *
You are more poisoned.
Terence hits you with a +2 mace of venom.
* * * LOW HITPOINT WARNING * * *
You are more poisoned.
You hit Terence.
You kill Terence!
You die...

#..........#
#.....<....#
#..........# ######
#..........# ##))#..#
#..........# # #.#.#..#
#..........# #.: ...#..#
#..........#
#...#.#..#######..######
#...)@.....##..###....
#...#.#......##).###....
#..
...#................. #
#.#.#...........#.....
##)$#...........#.####
#####............###.
..........#.....###...
.##.##...##......##.##
####..##.#.##.........##


There were no monsters in sight!

Vanquished Creatures
  Terence (D:3)
  An orc wizard (D:3)
  7 gnolls
  An adder (D:3)
  2 worms (D:2)
  2 dart slugs
  3 orcs (D:3)
  7 ball pythons
  7 bats
  2 endoplasms (D:3)
  A giant cockroach (D:2)
  7 goblins
  12 hobgoblins
  4 kobolds
  4 quokkas
  4 frilled lizards
  22 rats
87 creatures vanquished.

Vanquished Creatures (others)
  A plant (D:3)
1 creature vanquished.

Grand Total: 88 creatures vanquished

Notes
Turn   | Place    | Note
-------+----------+-------------------------------------------
     0 | D:1      | dave1331 the Hill Orc Fighter began the quest for the Orb.
     0 | D:1      | Reached XP level 1. HP: 19/19 MP: 1/1
   212 | D:1      | Reached XP level 2. HP: 27/27 MP: 2/2
   272 | D:1      | Found a faded altar of an unknown god.
   948 | D:2      | Reached XP level 3. HP: 33/33 MP: 3/3
  1310 | D:2      | Reached XP level 4. HP: 20/40 MP: 4/4
  1320 | D:2      | HP: 2/40 [gnoll/+0 spear (6)]
  2191 | D:3      | Reached skill level 1 in Dodging
  2191 | D:3      | Reached XP level 5. HP: 34/46 MP: 5/5
  2312 | D:3      | Identified the +0 leather armour "Zonodyr" {-Cast Regen+
                  | Str+6}
  2796 | D:3      | Noticed Terence
  2814 | D:3      | Killed Terence
  2814 | D:3      | Succumbed to Terence's poison

Illustrated notes

Levels and vault maps discovered:
D:1:      dpeg_arrival_refuge, layout_basic, ebering_ecumenical_altar_abandoned
D:2:      cheibrodos_greedy_goblins, layout_rooms, minmay_rat_hole
D:3:      minmay_spotlight, layout_rooms, mainiacjoe_overflow_paths,
          grunt_ministairs_9, minmay_misc_feat_hallway, serial_bayou_pond_d,
          dk_noncrumbling_2, uniq_terence

Skill      XL: |  1  2  3  4 |
---------------+-------------+-----
Fighting       | 4 |  4.4
Axes           | 3 4 |  4.6
Armour         | 4 |  4.8
Dodging        | 1 |  1.0
Shields        | |  3.9

Action                   |  1- 3 |  4- 6 || total
-------------------------+-------+-------++-------
Melee: War axe           |   117 |   106 ||   223
  Use: Scroll            |     4 |     2 ||     6
       Potion            |     2 |     2 ||     4
Armor: Ring mail         |    78 |    62 ||   140
Dodge: Dodged            |   103 |    62 ||   165
Block: Buckler           |    37 |    26 ||    63
